[Event "27th Kavala Open 2018"]
[Site "Kavala"]
[Date "2018.08.07"]
[Round "4"]
[White "Plat, Vojtech"]
[Black "Sandalakis, Angelos"]
[Result "1-0"]
[ECO "A40"]
[WhiteElo "2524"]
[BlackElo "2444"]
[Annotator "RC"]
[PlyCount "77"]
[EventDate "2018.08.06"]
[EventType "swiss"]
[EventCountry "GRE"]
[SourceTitle "playchess.com"]
[Source "ChessBase"]
[SourceQuality "1"]
[TimeControl "40/5400+30:900+30"]

1. d4 Nf6 2. c4 e6 3. g3 c5 4. Nf3 cxd4 5. Nxd4 d5 6. Bg2 e5 7. Nf3 d4 8. O-O Nc6 9. e3 Be7 10. exd4 exd4 11. Bf4 O-O 12. Ne5 Qb6 13. Nxc6 bxc6 14. Qb3 Be6 15. Rd1 Qc5 16. Qb7 Nh5 17. Bc7 Qxc4 18. Nd2 Qb4 19. Qxb4 Bxb4 20. a3 Rac8 21. axb4 Rxc7 22. Nf3 Bd5 23. Nxd4 Nf6 24. Rdc1 Rfc8 25. Ra6 Ne4 26. Bxe4 Bxe4 27. f3 Bd5 28. Rc5 Rd8 29. b5 Be4 30. fxe4 Rxd4 31. b6 Rc8 32. bxa7 Ra8 33. Raxc6 Rdd8 34. Rc7 g6 35. b4 Kg7 36. b5 Rd1+ 37. Kg2 Rb1 38. Rb7 Rd8 39. Rc2 1-0

[Event "27th Kavala Open 2018"]
[Site "Kavala"]
[Date "2018.08.07"]
[Round "4"]
[White "Lin, Chen"]
[Black "Grigoriadis, Alexandros"]
[Result "1-0"]
[ECO "B50"]
[WhiteElo "2506"]
[BlackElo "2211"]
[Annotator "ChessBase"]
[PlyCount "67"]
[EventDate "2018.08.06"]
[EventType "swiss"]
[EventCountry "GRE"]
[SourceTitle "playchess.com"]
[Source "ChessBase"]
[SourceQuality "1"]
[TimeControl "40/5400+30:900+30"]

1. e4 c5 2. Nf3 d6 3. Nc3 e6 4. d4 cxd4 5. Nxd4 a6 6. Bd3 Nf6 7. O-O Be7 8. a4 Nc6 9. Be3 O-O 10. f4 Qc7 11. Kh1 Nxd4 12. Bxd4 e5 13. Be3 exf4 14. Rxf4 Be6 15. Rf1 Ng4 16. Bd4 Bf6 17. Bxf6 Nxf6 18. Rxf6 gxf6 19. Qh5 Kg7 20. e5 Rh8 21. exf6+ Kxf6 22. Qh4+ Kg7 23. Rf1 Qd8 24. Qd4+ f6 25. Ne4 Rf8 26. Ng5 Bg8 27. Nxh7 Bxh7 28. Qg4+ Kh8 29. Bxh7 Qe7 30. Be4 f5 31. Bxf5 Rae8 32. h3 Rf7 33. Rd1 Qe5 34. Qh5+ 1-0

[Event "27th Kavala Open 2018"]
[Site "Kavala"]
[Date "2018.08.07"]
[Round "4"]
[White "Bulmaga, Irina"]
[Black "Iskos, Alexandros"]
[Result "1/2-1/2"]
[ECO "B01"]
[WhiteElo "2401"]
[BlackElo "2179"]
[Annotator "NA"]
[PlyCount "85"]
[EventDate "2018.08.06"]
[EventType "swiss"]
[EventCountry "GRE"]
[SourceTitle "playchess.com"]
[Source "ChessBase"]
[SourceQuality "1"]
[TimeControl "40/5400+30:900+30"]

1. e4 d5 2. exd5 Qxd5 3. Nc3 Qd8 4. d4 Nf6 5. Nf3 Bg4 6. h3 Bxf3 7. Qxf3 c6 8. Be3 e6 9. Be2 Nbd7 10. O-O Bd6 11. Ne4 Nxe4 12. Qxe4 Nf6 13. Qf3 O-O 14. Rfd1 Qc7 15. c4 Rad8 16. Bd3 Rd7 17. Rac1 Qb8 18. Bb1 Rfd8 19. g3 Be7 20. Kg2 Ne8 21. Bf4 Qa8 22. d5 cxd5 23. cxd5 Rxd5 24. Be4 R5d7 25. Be5 a5 26. Rxd7 Rxd7 27. Qc3 Rd8 28. Qb3 Nd6 29. Bxd6 Bxd6 30. Bxb7 Qb8 31. Qf3 g6 32. b3 Bb4 33. Rc2 Qd6 34. h4 h5 35. Be4 Kg7 36. Rc6 Qe5 37. Rc2 Rd2 38. Rxd2 Bxd2 39. Qd3 Bb4 40. Bf3 Qb2 41. Qe2 Qxe2 42. Bxe2 f5 43. f4 1/2-1/2

[Event "27th Kavala Open 2018"]
[Site "Kavala"]
[Date "2018.08.07"]
[Round "4"]
[White "Gouloutis, Nikolaos"]
[Black "Liodakis, Konstantinos-Spyros"]
[Result "0-1"]
[ECO "E70"]
[WhiteElo "2391"]
[BlackElo "2172"]
[Annotator "NA"]
[PlyCount "82"]
[EventDate "2018.08.06"]
[EventType "swiss"]
[EventCountry "GRE"]
[SourceTitle "playchess.com"]
[Source "ChessBase"]
[SourceQuality "1"]
[TimeControl "40/5400+30:900+30"]

1. d4 Nf6 2. c4 g6 3. Nc3 Bg7 4. e4 d6 5. Bd3 O-O 6. Nge2 e5 7. d5 c6 8. O-O Na6 9. Ng3 h5 10. Bg5 Qc7 11. Rc1 Nh7 12. Be3 h4 13. Nh1 f5 14. exf5 gxf5 15. f4 Nf6 16. Nf2 Qe7 17. Be2 c5 18. fxe5 dxe5 19. Bg5 Qf7 20. Nd3 h3 21. Nxe5 Qe8 22. Bf4 Ng4 23. Nf3 Ne3 24. Bxe3 Qxe3+ 25. Kh1 Bh6 26. Ra1 hxg2+ 27. Kxg2 Qe8 28. Bd3 Kh8 29. Qe2 Be3 30. Rae1 f4 31. Ng5 Nb4 32. Bb1 Bf5 33. Bxf5 Rxf5 34. h4 Qg6 35. Rf3 Nc2 36. Rh1 Nd4 37. Qd1 Re8 38. Kh3 Rxg5 39. hxg5 Qxg5 40. Kh2 Nxf3+ 41. Qxf3 Re7 0-1

[Event "27th Kavala Open 2018"]
[Site "Kavala"]
[Date "2018.08.07"]
[Round "4"]
[White "Ambartsumova, Karina"]
[Black "Kakushadze, Ilia"]
[Result "1/2-1/2"]
[ECO "B27"]
[WhiteElo "2377"]
[BlackElo "2149"]
[Annotator "NA"]
[PlyCount "55"]
[EventDate "2018.08.06"]
[EventType "swiss"]
[EventCountry "GRE"]
[SourceTitle "playchess.com"]
[Source "ChessBase"]
[SourceQuality "1"]
[TimeControl "40/5400+30:900+30"]

1. e4 c5 2. Nf3 g6 3. d4 cxd4 4. Qxd4 Nf6 5. Nc3 Nc6 6. Qa4 d6 7. e5 dxe5 8. Nxe5 Bg7 9. Bb5 O-O 10. Nxc6 bxc6 11. Bxc6 Bd7 12. O-O Rc8 13. Bxd7 Qxd7 14. Qa5 Ng4 15. Bf4 Rc4 16. Rad1 Bxc3 17. bxc3 Qa4 18. Qxa4 Rxa4 19. Rd4 Rxa2 20. Bg5 f6 21. Rxg4 fxg5 22. Rxg5 Rc8 23. Re5 Rc7 24. h4 Rxc2 25. Rfe1 Kf8 26. R1e3 R2xc3 27. Rxe7 a5 28. Re8+ 1/2-1/2

[Event "27th Kavala Open 2018"]
[Site "Kavala"]
[Date "2018.08.07"]
[Round "4"]
[White "Papasimakopoulos, Alexandros"]
[Black "Iljin, Artem"]
[Result "0-1"]
[ECO "D36"]
[WhiteElo "2223"]
[BlackElo "2520"]
[Annotator "ChessBase"]
[PlyCount "82"]
[EventDate "2018.08.06"]
[EventType "swiss"]
[EventCountry "GRE"]
[SourceTitle "playchess.com"]
[Source "ChessBase"]
[SourceQuality "1"]
[TimeControl "40/5400+30:900+30"]

1. d4 d5 2. c4 e6 3. Nc3 Nf6 4. cxd5 exd5 5. Bg5 c6 6. Qc2 Be7 7. e3 Nbd7 8. Bd3 h6 9. Bh4 Nh5 10. Bxe7 Qxe7 11. Nge2 Nb6 12. O-O-O Be6 13. Na4 Nxa4 14. Qxa4 Bg4 15. Rhe1 O-O 16. Kb1 Rfe8 17. Qc2 Bxe2 18. Rxe2 Qh4 19. f3 Nf6 20. g3 Qh5 21. Rf1 Rad8 22. Ree1 Rd7 23. Qf2 Nh7 24. h4 f6 25. g4 Qf7 26. Qc2 Nf8 27. h5 Rde7 28. Qd2 Qe6 29. Bc2 Qd6 30. Rg1 Ne6 31. f4 Nf8 32. Rg3 Nd7 33. Reg1 Rf8 34. Qd3 Re4 35. Qf1 Re7 36. Qh3 c5 37. g5 fxg5 38. fxg5 cxd4 39. exd4 Rf2 40. gxh6 Qxh6 41. Rg5 Qxg5 0-1

[Event "27th Kavala Open 2018"]
[Site "Kavala"]
[Date "2018.08.07"]
[Round "4"]
[White "Papadopoulos, Panayotis"]
[Black "Kourkoulos-Arditis, Stamatis"]
[Result "0-1"]
[ECO "A15"]
[WhiteElo "2191"]
[BlackElo "2433"]
[Annotator "NA"]
[PlyCount "92"]
[EventDate "2018.08.06"]
[EventType "swiss"]
[EventCountry "GRE"]
[SourceTitle "playchess.com"]
[Source "ChessBase"]
[SourceQuality "1"]
[TimeControl "40/5400+30:900+30"]

1. c4 Nf6 2. g3 e5 3. Bg2 d5 4. cxd5 Nxd5 5. Nc3 Nb6 6. a4 a5 7. Nf3 Nc6 8. O-O Be7 9. d4 exd4 10. Nb5 Bf6 11. Bf4 Nd5 12. Nfxd4 Nxf4 13. Nxc6 Qxd1 14. Rfxd1 Ne6 15. Ncd4 Bxd4 16. Nxd4 Nxd4 17. Rxd4 Ke7 18. Re4+ Be6 19. b4 Rhd8 20. bxa5 Rxa5 21. Rb4 b6 22. Rc1 Rc5 23. Rcb1 Rd2 24. Bf3 Ra2 25. h4 Rc4 26. Rxc4 Bxc4 27. Rb4 Be6 28. Bg4 f5 29. Bf3 Bd7 30. e4 Rxa4 31. Rxa4 Bxa4 32. exf5 Bc2 33. g4 Bd3 34. Bg2 Kf6 35. f3 Ke5 36. Bf1 Bxf1 37. Kxf1 h5 38. Ke2 Kf4 39. f6 gxf6 40. gxh5 Kf5 41. Kd3 b5 42. Kd4 b4 43. Kc4 c5 44. f4 Ke6 45. h6 Kf7 46. f5 Kg8 0-1

[Event "27th Kavala Open 2018"]
[Site "Kavala"]
[Date "2018.08.07"]
[Round "4"]
[White "Dorfanis, Ilarion"]
[Black "Danielian, Elina"]
[Result "0-1"]
[ECO "A30"]
[WhiteElo "2183"]
[BlackElo "2419"]
[Annotator "NA"]
[PlyCount "98"]
[EventDate "2018.08.06"]
[EventType "swiss"]
[EventCountry "GRE"]
[SourceTitle "playchess.com"]
[Source "ChessBase"]
[SourceQuality "1"]
[TimeControl "40/5400+30:900+30"]

1. Nf3 e6 2. c4 Nf6 3. Nc3 c5 4. g3 b6 5. Bg2 Bb7 6. O-O Be7 7. d4 cxd4 8. Qxd4 Nc6 9. Qd1 O-O 10. Bf4 d6 11. Rc1 Rc8 12. Nb5 d5 13. Nfd4 Nxd4 14. Nxd4 Qd7 15. cxd5 Rxc1 16. Bxc1 Bxd5 17. Bxd5 Qxd5 18. Qa4 Bc5 19. Nb3 b5 20. Qf4 Bb6 21. Bd2 Rd8 22. Qf3 Ne4 23. Be3 h5 24. Bxb6 axb6 25. h4 b4 26. Rc1 Ra8 27. Ra1 g6 28. Kg2 Kg7 29. e3 Ra7 30. Rd1 Qe5 31. Rd4 Nf6 32. Nc1 Qc7 33. Nd3 e5 34. Rxb4 Qd6 35. e4 Rxa2 36. Rb5 Ng4 37. Rd5 Qc7 38. Qe2 Qc4 39. f3 Nf6 40. Rxe5 Ra1 41. Rg5 Nd7 42. Qd2 Nc5 43. Ne1 Nb3 44. Qe3 Rb1 45. Rd5 Rxb2+ 46. Kg1 Re2 47. Qd3 Rxe1+ 48. Kf2 Qxd3 49. Rxd3 Rb1 0-1

[Event "27th Kavala Open 2018"]
[Site "Kavala"]
[Date "2018.08.07"]
[Round "4"]
[White "Loutragotis, Dimitrios"]
[Black "Prince, Bajaj"]
[Result "1/2-1/2"]
[ECO "B47"]
[WhiteElo "2169"]
[BlackElo "2411"]
[Annotator "NA"]
[PlyCount "24"]
[EventDate "2018.08.06"]
[EventType "swiss"]
[EventCountry "GRE"]
[SourceTitle "playchess.com"]
[Source "ChessBase"]
[SourceQuality "1"]
[TimeControl "40/5400+30:900+30"]

1. e4 c5 2. Nf3 e6 3. d4 cxd4 4. Nxd4 Nc6 5. Nc3 Qc7 6. Be2 Nf6 7. O-O a6 8. Be3 Bb4 9. Nxc6 bxc6 10. f4 d5 11. e5 Nd7 12. Na4 Be7 1/2-1/2

[Event "27th Kavala Open 2018"]
[Site "Kavala"]
[Date "2018.08.07"]
[Round "4"]
[White "Beliotis, Georgios"]
[Black "Kanakaris, Georgios"]
[Result "1/2-1/2"]
[ECO "B52"]
[WhiteElo "2117"]
[BlackElo "2398"]
[Annotator "NA"]
[PlyCount "34"]
[EventDate "2018.08.06"]
[EventType "swiss"]
[EventCountry "GRE"]
[SourceTitle "playchess.com"]
[Source "ChessBase"]
[SourceQuality "1"]
[TimeControl "40/5400+30:900+30"]

1. e4 c5 2. Nf3 d6 3. Bb5+ Bd7 4. Bxd7+ Qxd7 5. c4 Nf6 6. Nc3 g6 7. d4 cxd4 8. Nxd4 Bg7 9. b3 Nc6 10. Bb2 O-O 11. O-O e6 12. Re1 Rfd8 13. Nxc6 Qxc6 14. Qe2 a6 15. Rac1 Qe8 16. Red1 Rab8 17. Qf3 Nd7 1/2-1/2

[Event "27th Kavala Open 2018"]
[Site "Kavala"]
[Date "2018.08.08"]
[Round "5"]
[White "Petrov, Martin"]
[Black "Hasangatin, Ramil"]
[Result "1-0"]
[ECO "B32"]
[WhiteElo "2456"]
[BlackElo "2491"]
[Annotator "RC"]
[PlyCount "87"]
[EventDate "2018.08.06"]
[EventType "swiss"]
[EventCountry "GRE"]
[SourceTitle "playchess.com"]
[Source "ChessBase"]
[SourceQuality "1"]
[TimeControl "40/5400+30:900+30"]

1. e4 c5 2. Nf3 Nc6 3. d4 cxd4 4. Nxd4 e5 5. Nb5 a6 6. Nd6+ Bxd6 7. Qxd6 Qe7 8. Qd1 Nf6 9. Nc3 d6 10. Bg5 Be6 11. Nd5 Bxd5 12. exd5 Nb8 13. Bd3 Nbd7 14. c4 h6 15. Be3 O-O 16. O-O e4 17. Be2 Ne8 18. Bd4 f5 19. f4 exf3 20. Bxf3 Ne5 21. Re1 Qc7 22. Rc1 Nf6 23. c5 Nxf3+ 24. Qxf3 dxc5 25. Qxf5 b6 26. Re6 Qd8 27. Bxf6 Rxf6 28. Qe5 Rxe6 29. Qxe6+ Kh8 30. Rf1 Qh4 31. h3 Qd4+ 32. Kh1 c4 33. d6 Rd8 34. Qe7 Rg8 35. d7 Kh7 36. Re1 Qd2 37. Qe4+ Kh8 38. Qe8 b5 39. h4 b4 40. Qxg8+ Kxg8 41. Re8+ Kh7 42. d8=Q Qc1+ 43. Kh2 Qf4+ 44. Kh3 1-0

[Event "27th Kavala Open 2018"]
[Site "Kavala"]
[Date "2018.08.08"]
[Round "5"]
[White "Skaperdas, Kostantinos"]
[Black "Pezelj, Novak"]
[Result "1-0"]
[ECO "C60"]
[WhiteElo "2213"]
[BlackElo "2483"]
[Annotator "RC"]
[PlyCount "85"]
[EventDate "2018.08.06"]
[EventType "swiss"]
[EventCountry "GRE"]
[SourceTitle "playchess.com"]
[Source "ChessBase"]
[SourceQuality "1"]
[TimeControl "40/5400+30:900+30"]

1. e4 Nc6 2. Nf3 e5 3. Bb5 Nge7 4. O-O g6 5. c3 Bg7 6. d4 a6 7. Ba4 b5 8. Bc2 d6 9. a4 Bg4 10. axb5 axb5 11. Rxa8 Qxa8 12. d5 Na7 13. Na3 O-O 14. h3 Bd7 15. Bg5 Nec8 16. Qd2 Qb7 17. Rd1 Nb6 18. b4 Ra8 19. Bd3 c6 20. dxc6 Bxc6 21. Qe2 d5 22. Nxe5 dxe4 23. Nxc6 exd3 24. Ne7+ Kf8 25. Qxd3 f6 26. Be3 Kxe7 27. Qd6+ Kf7 28. Qxb6 Qxb6 29. Bxb6 Nc6 30. Nxb5 Rb8 31. Nd6+ Ke6 32. Bc7 Rg8 33. b5 Ne5 34. b6 Kd7 35. Nc4+ Kc8 36. Ra1 Kb7 37. Na5+ Kc8 38. Nc4 Kb7 39. Na5+ Kc8 40. Bxe5 fxe5 41. Rb1 e4 42. b7+ Kc7 43. Nc6 1-0

[Event "27th Kavala Open 2018"]
[Site "Kavala"]
[Date "2018.08.08"]
[Round "6"]
[White "Theodorou, Nikolas"]
[Black "Dimitrov, Radoslav"]
[Result "1/2-1/2"]
[ECO "E19"]
[WhiteElo "2532"]
[BlackElo "2518"]
[Annotator "ChessBase"]
[PlyCount "136"]
[EventDate "2018.08.06"]
[EventType "swiss"]
[EventCountry "GRE"]
[SourceTitle "playchess.com"]
[Source "ChessBase"]
[SourceQuality "1"]
[TimeControl "40/5400+30:900+30"]

1. Nf3 Nf6 2. c4 e6 3. g3 a6 4. Bg2 b5 5. b3 Bb7 6. O-O c5 7. Nc3 Qb6 8. Re1 Nc6 9. e4 d6 10. Nd5 exd5 11. exd5+ Ne5 12. d4 cxd4 13. Bb2 Be7 14. Bxd4 Nxf3+ 15. Bxf3 Qd8 16. Bxf6 gxf6 17. Bh5 f5 18. Qd3 O-O 19. Qxf5 Bc8 20. Qf3 Bf6 21. Rad1 bxc4 22. bxc4 Bg7 23. Re4 f5 24. Re2 f4 25. g4 Bd7 26. c5 Bb5 27. Re6 dxc5 28. d6 Kh8 29. Re7 Bf6 30. Rc7 Rc8 31. g5 Bd4 32. Re7 Rf5 33. Qg4 Qf8 34. d7 Rd8 35. Rde1 Bxd7 36. Rxd7 Rxd7 37. Re8 Qxe8 38. Bxe8 Rxg5 39. Bxd7 Rxg4+ 40. Bxg4 Kg7 41. Kf1 c4 42. Ke2 Kf6 43. Bc8 a5 44. Ba6 c3 45. Kd3 Bxf2 46. Kxc3 Bg1 47. h3 Kg5 48. Kd3 Kh4 49. Ke2 Kxh3 50. Kf3 Be3 51. a4 Kh4 52. Bc8 Kg5 53. Bh3 Kf6 54. Bc8 Ke5 55. Bh3 Bc5 56. Bg4 Bd6 57. Bh3 h5 58. Bc8 Kd4 59. Bh3 Ke5 60. Bc8 Be7 61. Bh3 Bg5 62. Bc8 Kd4 63. Bh3 Kc5 64. Bc8 h4 65. Kg4 Kd4 66. Kxg5 f3 67. Kxh4 f2 68. Ba6 Kc5 1/2-1/2

[Event "27th Kavala Open 2018"]
[Site "Kavala"]
[Date "2018.08.08"]
[Round "6"]
[White "Mastrovasilis, Athanasios"]
[Black "Grigoriadis, Alexandros"]
[Result "0-1"]
[ECO "A49"]
[WhiteElo "2518"]
[BlackElo "2211"]
[Annotator "ChessBase"]
[PlyCount "80"]
[EventDate "2018.08.06"]
[EventType "swiss"]
[EventCountry "GRE"]
[SourceTitle "playchess.com"]
[Source "ChessBase"]
[SourceQuality "1"]
[TimeControl "40/5400+30:900+30"]

1. d4 Nf6 2. Nf3 g6 3. g3 Bg7 4. Bg2 c5 5. c3 cxd4 6. cxd4 O-O 7. Nc3 d5 8. Ne5 b6 9. Bf4 Bb7 10. Qa4 e6 11. Rc1 Nh5 12. Bd2 a6 13. O-O Nf6 14. e3 Nfd7 15. Nxd7 Nxd7 16. Ne2 Re8 17. Rc2 b5 18. Qa3 Bf8 19. Bb4 Bxb4 20. Qxb4 Qb6 21. Rfc1 a5 22. Qa3 b4 23. Qa4 Nf6 24. Nf4 Rec8 25. Rc5 Kf8 26. Nd3 Rxc5 27. Rxc5 Kg7 28. h3 Ra6 29. Ne5 Ra8 30. Qc2 Ne8 31. Bf1 Ra7 32. Qa4 Nd6 33. Qd7 Ba8 34. Qa4 Ne4 35. Rc8 Bb7 36. Rb8 Nf6 37. Qb5 Qc7 38. Re8 Ba6 39. Qb8 Nxe8 40. Qxe8 Qc1 0-1

[Event "27th Kavala Open 2018"]
[Site "Kavala"]
[Date "2018.08.08"]
[Round "6"]
[White "Mu, Ke"]
[Black "Cukanovic, Petar"]
[Result "1/2-1/2"]
[ECO "E11"]
[WhiteElo "2446"]
[BlackElo "2189"]
[Annotator "NA"]
[PlyCount "138"]
[EventDate "2018.08.06"]
[EventType "swiss"]
[EventCountry "GRE"]
[SourceTitle "playchess.com"]
[Source "ChessBase"]
[SourceQuality "1"]
[TimeControl "40/5400+30:900+30"]

1. d4 Nf6 2. c4 e6 3. Nf3 Bb4+ 4. Nbd2 b6 5. a3 Bxd2+ 6. Qxd2 Bb7 7. e3 d6 8. Be2 a5 9. b3 Nbd7 10. O-O Qe7 11. Bb2 O-O 12. Qc2 e5 13. dxe5 dxe5 14. Rfd1 Rad8 15. b4 Rfe8 16. h3 h6 17. Qb3 Bc6 18. c5 a4 19. Qc2 b5 20. Qc3 Ne4 21. Qe1 Ng5 22. Nxg5 Qxg5 23. Qf1 Rb8 24. f4 Qe7 25. Bf3 e4 26. Be2 Nf6 27. Rd2 Red8 28. Rxd8+ Qxd8 29. Rd1 Qe7 30. Rd4 Nd5 31. Qc1 Qe6 32. Qd2 Kh8 33. Kf2 Kg8 34. Ba1 Kh8 35. Bd1 Re8 36. Bg4 f5 37. Bh5 Re7 38. g3 Kh7 39. Be2 Rd7 40. g4 Qe7 41. Kg3 Qf7 42. gxf5 Ne7 43. Rxd7 Nxf5+ 44. Kf2 Bxd7 45. Ke1 c6 46. Qc3 Qe7 47. Kd1 Be6 48. Kc1 Ng3 49. Bd1 Bb3 50. Qe1 Bxd1 51. Qxg3 Qd7 52. Bd4 Bh5 53. f5 Qf7 54. Bc3 Qd7 55. Qg1 Qf7 56. Qg2 Bf3 57. Qg3 Be2 58. Qe5 Qf6 59. Qxf6 gxf6 60. Bxf6 Bf1 61. h4 Bh3 62. Kd2 Bxf5 63. Kc3 Kg6 64. Bd8 Be6 65. Kd4 Kf5 66. Be7 h5 67. Bd8 Bf7 68. Be7 Be6 69. Bd8 Bf7 1/2-1/2

[Event "27th Kavala Open 2018"]
[Site "Kavala"]
[Date "2018.08.08"]
[Round "6"]
[White "Ni, Shiqun"]
[Black "Kanakaris, Georgios"]
[Result "1/2-1/2"]
[ECO "B92"]
[WhiteElo "2436"]
[BlackElo "2398"]
[Annotator "NA"]
[PlyCount "76"]
[EventDate "2018.08.06"]
[EventType "swiss"]
[EventCountry "GRE"]
[SourceTitle "playchess.com"]
[Source "ChessBase"]
[SourceQuality "1"]
[TimeControl "40/5400+30:900+30"]

1. e4 c5 2. Nf3 d6 3. d4 cxd4 4. Nxd4 Nf6 5. Nc3 a6 6. Be2 e5 7. Nf3 Be7 8. Bg5 Nbd7 9. a4 h6 10. Be3 Ng4 11. Bc1 Ngf6 12. O-O O-O 13. Nd2 Qc7 14. Re1 Nc5 15. Bf3 Ne6 16. Nf1 Nd4 17. Be3 Nxf3+ 18. Qxf3 Be6 19. a5 Qc6 20. h3 d5 21. exd5 Nxd5 22. Bd2 Nb4 23. Qxc6 bxc6 24. Rac1 Bd6 25. Ne4 Be7 26. Be3 Bf5 27. Bc5 Bxc5 28. Nxc5 Bxc2 29. Rxe5 Rfb8 30. Ne3 Bg6 31. Nc4 Rb5 32. Nb6 Rd8 33. Ncd7 f6 34. Rxb5 cxb5 35. Rc7 Bf5 36. g4 Bxd7 37. Nxd7 Nd3 38. b3 Re8 1/2-1/2

[Event "27th Kavala Open 2018"]
[Site "Kavala"]
[Date "2018.08.08"]
[Round "6"]
[White "Kourkoulos Arditis, Stamatis"]
[Black "Skaperdas, Kostantinos"]
[Result "1-0"]
[ECO "C19"]
[WhiteElo "2433"]
[BlackElo "2213"]
[Annotator "NA"]
[PlyCount "93"]
[EventDate "2018.08.06"]
[EventType "swiss"]
[EventCountry "GRE"]
[SourceTitle "playchess.com"]
[Source "ChessBase"]
[SourceQuality "1"]
[TimeControl "40/5400+30:900+30"]

1. e4 e6 2. d4 d5 3. Nc3 Bb4 4. e5 Ne7 5. a3 Bxc3+ 6. bxc3 c5 7. a4 O-O 8. Nf3 h6 9. Ba3 b6 10. dxc5 Qc7 11. c6 Re8 12. Bb5 Nbxc6 13. Bd6 Qb7 14. O-O Bd7 15. Qe2 Na5 16. Ba6 Qc6 17. Ra3 Nf5 18. Nd4 Nxd4 19. cxd4 Nc4 20. Bb5 Qc8 21. Bxc4 Qxc4 22. Qd2 Rac8 23. Rc1 Bxa4 24. Qf4 Kh7 25. Qxf7 Qxd4 26. h3 Qd2 27. Rca1 b5 28. Rg3 Rg8 29. c3 Rxc3 30. Bb4 d4 31. Rg4 Qc2 32. Bxc3 Qxc3 33. Rf1 Bb3 34. Rg3 Qc2 35. Ra1 Ba2 36. Qxa7 Bd5 37. Qxd4 Rc8 38. Ra7 Rg8 39. Qg4 Qc1+ 40. Kh2 Qg5 41. Qd4 Qf5 42. f4 Kh8 43. Rc7 Qf8 44. Qa7 b4 45. Rf7 Qa8 46. Qe7 Re8 47. Rf8+ 1-0

[Event "27th Kavala Open 2018"]
[Site "Kavala"]
[Date "2018.08.08"]
[Round "6"]
[White "Neelotpal, Das"]
[Black "Megalios, Konstantinos"]
[Result "1/2-1/2"]
[ECO "A06"]
[WhiteElo "2429"]
[BlackElo "2292"]
[Annotator "NA"]
[PlyCount "31"]
[EventDate "2018.08.06"]
[EventType "swiss"]
[EventCountry "GRE"]
[SourceTitle "playchess.com"]
[Source "ChessBase"]
[SourceQuality "1"]
[TimeControl "40/5400+30:900+30"]

1. Nf3 d5 2. g3 c6 3. Bg2 Bg4 4. c4 e6 5. cxd5 exd5 6. O-O Nf6 7. d3 Bc5 8. Qc2 Nbd7 9. e4 O-O 10. Nc3 Re8 11. Nh4 dxe4 12. dxe4 Ne5 13. Na4 Bd4 14. Kh1 c5 15. h3 Bd7 16. Nc3 1/2-1/2

[Event "27th Kavala Open 2018"]
[Site "Kavala"]
[Date "2018.08.08"]
[Round "6"]
[White "Bulmaga, Irina"]
[Black "Loutragotis, Dimitrios"]
[Result "1/2-1/2"]
[ECO "B31"]
[WhiteElo "2401"]
[BlackElo "2169"]
[Annotator "NA"]
[PlyCount "78"]
[EventDate "2018.08.06"]
[EventType "swiss"]
[EventCountry "GRE"]
[SourceTitle "playchess.com"]
[Source "ChessBase"]
[SourceQuality "1"]
[TimeControl "40/5400+30:900+30"]

1. e4 c5 2. Nf3 Nc6 3. Bb5 g6 4. Bxc6 dxc6 5. d3 Bg7 6. Nc3 e5 7. h3 Ne7 8. Be3 b6 9. Qd2 h6 10. O-O-O Be6 11. Kb1 Qc7 12. Rhe1 O-O-O 13. Qe2 Rhe8 14. Nd2 f5 15. f3 f4 16. Bf2 g5 17. Nb3 Kb8 18. Na4 Ng6 19. Nc1 h5 20. b3 g4 21. hxg4 hxg4 22. Rh1 Rh8 23. fxg4 Qc8 24. Qd2 Bxg4 25. Rdf1 Bf6 26. Nb2 Be7 27. a3 Rxh1 28. Rxh1 Rh8 29. Rxh8 Qxh8 30. g3 Qh2 31. Qe1 Nh8 32. b4 cxb4 33. axb4 Nf7 34. gxf4 exf4 35. d4 Ng5 36. Nbd3 Bf3 37. Nxf4 Nxe4 38. Nfd3 Bg5 39. Qg1 Qxg1 1/2-1/2

[Event "27th Kavala Open 2018"]
[Site "Kavala"]
[Date "2018.08.08"]
[Round "6"]
[White "Gouloutis, Nikolaos"]
[Black "Kakushadze, Ilia"]
[Result "1/2-1/2"]
[ECO "A43"]
[WhiteElo "2391"]
[BlackElo "2149"]
[Annotator "NA"]
[PlyCount "85"]
[EventDate "2018.08.06"]
[EventType "swiss"]
[EventCountry "GRE"]
[SourceTitle "playchess.com"]
[Source "ChessBase"]
[SourceQuality "1"]
[TimeControl "40/5400+30:900+30"]

1. d4 Nf6 2. Nf3 c5 3. d5 b5 4. Bg5 Qb6 5. Bxf6 Qxf6 6. c3 g6 7. e4 Qb6 8. Nbd2 Bg7 9. a4 b4 10. Nc4 Qb7 11. Qc2 O-O 12. Bd3 d6 13. O-O bxc3 14. bxc3 Qc7 15. Rab1 Nd7 16. Ne3 Qa5 17. Rfc1 Ba6 18. Bb5 Bxb5 19. axb5 Qc7 20. Nc4 Nb6 21. Qe2 Nxc4 22. Qxc4 Rfb8 23. h4 Qa5 24. e5 Qc7 25. e6 f6 26. h5 g5 27. Nd2 f5 28. Qd3 Rf8 29. Nc4 Qd8 30. b6 Rb8 31. bxa7 Rxb1 32. Rxb1 Qc7 33. Ra1 Ra8 34. Qxf5 Bxc3 35. Qf7+ Kh8 36. Ra3 Bg7 37. h6 Bxh6 38. Ra6 Qb7 39. Nb6 Qxa6 40. Nxa8 Qxa7 41. Qe8+ Kg7 42. Qf7+ Kh8 43. Qe8+ 1/2-1/2

[Event "27th Kavala Open 2018"]
[Site "Kavala"]
[Date "2018.08.08"]
[Round "6"]
[White "Ambartsumova, Karina"]
[Black "Nevednichy, Vladislav"]
[Result "1-0"]
[ECO "E62"]
[WhiteElo "2377"]
[BlackElo "2550"]
[Annotator "ChessBase"]
[PlyCount "101"]
[EventDate "2018.08.06"]
[EventType "swiss"]
[EventCountry "GRE"]
[SourceTitle "playchess.com"]
[Source "ChessBase"]
[SourceQuality "1"]
[TimeControl "40/5400+30:900+30"]

1. d4 Nf6 2. c4 g6 3. Nf3 Bg7 4. g3 O-O 5. Bg2 d6 6. Nc3 c6 7. O-O Qa5 8. e4 e5 9. h3 Nbd7 10. Re1 exd4 11. Nxd4 Ne5 12. Bf1 Re8 13. Be3 c5 14. Nb3 Qb4 15. a3 Qb6 16. Nd2 Qc7 17. f4 Nc6 18. Bf2 a6 19. Nf3 Be6 20. Rc1 b6 21. g4 h6 22. Qc2 Nh7 23. Rcd1 g5 24. Nd5 Qb8 25. Qd2 gxf4 26. Qxf4 Bxd5 27. exd5 Ne7 28. Bd3 Nf8 29. Bg3 Neg6 30. Rxe8 Qxe8 31. Qxd6 Bxb2 32. Re1 Qa4 33. Qc6 Qxa3 34. Qxa8 Qxd3 35. d6 Bd4+ 36. Kh1 Bc3 37. Qe4 Qxe4 38. Rxe4 b5 39. Re8 Kg7 40. cxb5 axb5 41. Ne5 Bxe5 42. Bxe5+ f6 43. Re7+ Nxe7 44. dxe7 Kf7 45. exf8=Q+ Kxf8 46. Bxf6 b4 47. Kg2 Kf7 48. Bh8 c4 49. Kf3 h5 50. g5 h4 51. Kg4 1-0

[Event "27th Kavala Open 2018"]
[Site "Kavala"]
[Date "2018.08.08"]
[Round "6"]
[White "Trimitzios, Petros"]
[Black "Iljin, Artem"]
[Result "1/2-1/2"]
[ECO "E06"]
[WhiteElo "2301"]
[BlackElo "2520"]
[Annotator "ChessBase"]
[PlyCount "26"]
[EventDate "2018.08.06"]
[EventType "swiss"]
[EventCountry "GRE"]
[SourceTitle "playchess.com"]
[Source "ChessBase"]
[SourceQuality "1"]
[TimeControl "40/5400+30:900+30"]

1. Nf3 d5 2. d4 Nf6 3. c4 e6 4. g3 Be7 5. Bg2 O-O 6. Qc2 c5 7. cxd5 cxd4 8. Nxd4 Nxd5 9. Qb3 Bf6 10. Nb5 Nc6 11. O-O Qb6 12. N1c3 Nxc3 13. Nxc3 Qxb3 1/2-1/2